 Dungeon Crawl Stone Soup version 0.31-a0-496-g6f97920a28 (webtiles) character file.

Game seed: 2467399090571277346

1924385 motkurizz the Invulnerable (level 27, 231/249 HPs)
             Began as a Barachi Ice Elementalist on Aug 7, 2023.
             Was the Champion of Cheibriados.
             Escaped with the Orb
             ... and 3 runes on Aug 8, 2023!
             The game lasted 04:49:05 (59401 turns).

motkurizz the Invulnerable (BaIE)                  Turns: 59401, Time: 04:49:06

Health: 231/249    AC: 44    Str: 30    XL:     27
Magic:  37/37      EV: 48    Int: 33    God:    Cheibriados [******]
Gold:   5650       SH:  0    Dex: 58    Spells: 18/38 levels left

rFire   + + +        a - +9 longbow (freeze)
rCold   + + +        (shield currently unavailable)
rNeg    . . .        f - +11 gold dragon scales
rPois   +            u - +0 helmet
rElec   +            v - scarf "Geul" {rC+ rF+, rElec Dex+3}
rCorr   .            e - +0 pair of gloves
SInv    .            A - +0 pair of boots of Pride {rC+ MP+9}
Will    +++++        C - amulet of Icisa {Faith Regen+ Dex+2}
Stlth   +            p - ring of the Grinning Fool {rF+ Will++ Int+3}
HPRegen 1.41/turn    h - ring "Bubod" {Str+6 Dex+6}
MPRegen 0.25/turn

%: faith
@: very slow
A: amphibious, slowness 1, strong legs 2, +LOS, camouflage 1, agile 2, low MP 1,
strong-willed 1, screaming 1, evolution 1, subdued magic 1
0: Orb of Zot
}: 3/15 runes: serpentine, barnacled, silver
a: Hop, Renounce Religion, Bend Time, Temporal Distortion, Slouch, Step From
Time


You escaped.
You worshipped Cheibriados.
Cheibriados was exalted by your worship.
You visited 10 branches of the dungeon, and saw 48 of its levels.
You visited 1 bazaar.
You also visited: Bailey, Gauntlet and Wizlab.

You collected 8762 gold pieces.
You spent 3112 gold pieces at shops.

Inventory:

Hand Weapons
 a - a +9 longbow of freezing (weapon)
 b - the +7 orcbow "Intir" {antimagic, Will+ rCorr Dex+6}
   (You acquired it on level 5 of the Realm of Zot)

   Dex:       It affects your dexterity (+6).
   rCorr:     It protects you from acid and corrosion.
   Will:      It increases your willpower.
 x - a +6 arbalest of flaming
 z - the +9 hand crossbow "Q" {penet, Int+4 Dex+2}
   (You acquired it on level 5 of the Realm of Zot)

   Int:       It affects your intelligence (+4).
   Dex:       It affects your dexterity (+2).
Armour
 e - a +0 pair of gloves (worn)
 f - +11 gold dragon scales (worn)
 u - a +0 helmet (worn)
 v - the scarf "Geul" (worn) {rC+ rF+, rElec Dex+3}
   (You found it in a Gauntlet)

   Dex:       It affects your dexterity (+3).
   rElec:     It insulates you from electricity.
 A - the +0 pair of boots of Pride (worn) {rC+ MP+9}
   (You found it on level 5 of the Vaults)

   rC:        It protects you from cold.
   MP:        It affects your magic capacity (+9).
 H - +6 fire dragon scales
Jewellery
 d - a ring of positive energy
 h - the ring "Bubod" (right hand) {Str+6 Dex+6}
   (You acquired it on level 4 of the Shoals)

   [ring of dexterity]

   Str:       It affects your strength (+6).
   Dex:       It affects your dexterity (+6).
 k - the amulet "Yseenof" {Faith rPois Str+4}
   (You bought it in a shop in a bazaar)

   [amulet of faith]

   It allows you to gain divine favour quickly.
   Str:       It affects your strength (+4).
   rPois:     It protects you from poison.
 p - the ring of the Grinning Fool (left hand) {rF+ Will++ Int+3}
   (You bought it in a shop on level 13 of the Dungeon)

   [ring of protection from fire]

   Int:       It affects your intelligence (+3).
   rF:        It protects you from fire.
   Will:      It greatly increases your willpower.
 q - a ring of resist corrosion
 s - the amulet of Rungoywn {Faith Fragile rElec Regen+ SInv}
   (You acquired it on level 5 of the Realm of Zot)

   [amulet of faith]

   It allows you to gain divine favour quickly.
   rElec:     It insulates you from electricity.
   SInv:      It lets you see invisible.
   Regen:     It increases your rate of health regeneration.
   Fragile:   It will be destroyed if unequipped.
 C - the amulet of Icisa (around neck) {Faith Regen+ Dex+2}
   (You bought it in a shop on level 5 of the Realm of Zot)

   [amulet of faith]

   It allows you to gain divine favour quickly.
   Dex:       It affects your dexterity (+2).
   Regen:     It increases your rate of health regeneration.
 M - the ring "Cegoneuf" {rF+ rCorr Str-5 Dex+3 SInv}
   (You took it off a deep elf death mage on level 3 of the Elven Halls)

   [ring of resist corrosion]

   Str:       It affects your strength (-5).
   Dex:       It affects your dexterity (+3).
   rF:        It protects you from fire.
   SInv:      It lets you see invisible.
   rCorr:     It protects you from acid and corrosion.
 T - the ring "Fivav" {Ice rCorr Str+3 Dex+2}
   (You found it on level 2 of the Snake Pit)

   [ring of ice]

   It enhances your ice magic.
   Str:       It affects your strength (+3).
   Dex:       It affects your dexterity (+2).
   rF:        It makes you vulnerable to fire.
   rC:        It protects you from cold.
   rCorr:     It protects you from acid and corrosion.
Wands
 y - a wand of digging (40)
 B - a wand of quicksilver (14)
 F - a wand of paralysis (48)
 G - a wand of iceblast (19)
 Y - a wand of mindburst (12)
Scrolls
 c - 4 scrolls of silence
 i - 4 scrolls of poison
 j - 3 scrolls of butterflies
 l - 6 scrolls of amnesia
 t - 6 scrolls of immolation
 w - 10 scrolls of teleportation
 K - 5 scrolls of enchant weapon
 P - a scroll of blinking
 Q - 6 scrolls of brand weapon
 R - 11 scrolls of fog
 U - 4 scrolls of fear
 Z - 3 scrolls of revelation
Potions
 m - 6 potions of magic
 n - 30 potions of curing
 o - 5 potions of resistance
 r - 5 potions of brilliance
 E - 8 potions of ambrosia
 I - 3 potions of attraction
 J - 10 potions of heal wounds
 S - 15 potions of mutation
 V - 11 potions of enlightenment
 W - 3 potions of cancellation
Miscellaneous
 D - a lightning rod (4/4)
 N - a phial of floods
 O - a phantom mirror (inert)


   Skills:
 O Level 27 Fighting
 - Level 4.0 Maces & Flails
 - Level 25.6 Ranged Weapons
 O Level 27 Armour
 - Level 26.0 Dodging
 - Level 10.0 Stealth
 - Level 6.0 Spellcasting
 - Level 1.0 Summonings
 - Level 4.3 Translocations
 - Level 9.0 Ice Magic
 * Level 9.7 Invocations
 - Level 7.0 Evocations


You had 18 spell levels left.
You knew the following spells:

 Your Spells              Type           Power      Damage    Failure   Level
a - Ozocubu's Armour      Ice            52%        N/A       1%          3
b - Blink                 Tloc           58%        N/A       4%          2
c - Summon Ice Beast      Ice/Summ       33%        N/A       24%         4
d - Hailstorm             Conj/Ice       30%        3d8       9%          3
e - Passage of Golubria   Tloc           29%        N/A       32%         4
f - Freeze                Ice            100%       1d10      1%          1
r - Frozen Ramparts       Ice            100%       1d16      1%          3

Your spell library contained the following spells:

 Spells                   Type           Power      Damage    Failure   Level
 Lesser Beckoning         Tloc           58%        N/A       4%          2
 Gell's Gravitas          Tloc           29%        N/A       9%          3
 Teleport Other           Tloc           29%        N/A       9%          3
 Summon Small Mammal      Summ           48%        N/A       12%         1
 Momentum Strike          Conj/Tloc      36%        3d9       12%         2
 Foxfire                  Conj/Fire      28%        2x1d5     19%         1
 Kiss of Death            Conj/Necr      28%        2d7       19%         1
 Shock                    Conj/Air       28%        1d4       19%         1
 Sting                    Tmut/Pois      28%        1d4       19%         1
 Volatile Blastmotes      Fire/Tloc      36%        2d13      22%         3
 Passwall                 Tmut/Erth      5%         N/A       28%         2
 Poisonous Vapours        Pois/Air       14%        N/A       28%         2
 Static Discharge         Conj/Air       14%        2-3/arc   28%         2
 Sublimation of Blood     Necr           7%         N/A       28%         2
 Call Canine Familiar     Summ           12%        N/A       36%         3
 Summon Guardian Golem    Hex/Summ       10%        N/A       43%         3
 Confusing Touch          Hex            7%         N/A       50%         3
 Dazzling Flash           Conj/Hex       14%        N/A       50%         3
 Ignite Poison            Fire/Tmut/Pois 7%         N/A       50%         3
 Inner Flame              Hex/Fire       7%         N/A       50%         3
 Swiftness                Air            7%         N/A       50%         3
 Tukima's Dance           Hex            7%         N/A       50%         3
 Iskenderun's Mystic Bla  Conj/Tloc      18%        2d6       61%         4
 Animate Armour           Summ/Erth      20%        N/A       85%         4
 Summon Lightning Spire   Summ/Air       10%        N/A       85%         4
 Summon Forest            Summ/Tloc      10%        N/A       88%         5
 Airstrike                Air            3%         2d(1-17)  89%         4
 Anguish                  Hex/Necr       3%         N/A       89%         4
 Cause Fear               Hex            3%         N/A       89%         4
 Dispel Undead            Necr           7%         3d8       89%         4
 Flame Wave               Conj/Fire      7%         2d5       89%         4
 Fulminant Prism          Conj/Hex       3%         3d5       89%         4
 Leda's Liquefaction      Hex/Erth       3%         N/A       89%         4
 Olgreb's Toxic Radiance  Pois           7%         N/A       89%         4
 Petrify                  Tmut/Erth      7%         N/A       89%         4
 Sticky Flame             Conj/Fire      7%         2d3       89%         4
 Agony                    Necr           7%         N/A       99%         5
 Alistair's Intoxication  Tmut/Pois      4%         N/A       99%         5
 Borgnjor's Vile Clutch   Necr/Erth      3%         N/A       99%         5
 Fireball                 Conj/Fire      3%         3d4       99%         5
 Irradiate                Conj/Tmut      3%         3d12      99%         5
 Lee's Rapid Deconstruct  Erth           3%         3d5*      99%         5
 Silence                  Hex/Air        3%         N/A       99%         5
 Yara's Violent Unravell  Hex/Tmut       3%         3d4       99%         5
 Conjure Ball Lightning   Conj/Air       3%         3x3d6     100%        6
 Eringya's Noxious Bog    Tmut/Pois      3%         4d6       100%        6
 Leda's Unmaking          Conj/Erth      3%         9d1       100%        6
 Plasma Beam              Fire/Air       3%         2x1d13    100%        6
 Starburst                Conj/Fire      3%         6d3       100%        6
 Enfeeble                 Hex            3%         N/A       100%        7
 Malign Gateway           Summ/Tloc      10%        N/A       100%        7
 Summon Hydra             Summ           6%         N/A       100%        7
 Borgnjor's Revivificati  Necr           3%         N/A       100%        8
 Discord                  Hex            3%         N/A       100%        8
 Disjunction              Tloc           14%        N/A       100%        8
 Ignition                 Fire           3%         3d4       100%        8
 Lehudib's Crystal Spear  Conj/Erth      3%         10d3      100%        8
 Maxwell's Capacitive Co  Air            3%         ∞         100%        8
 Chain Lightning          Conj/Air       3%         3d4       100%        9
 Dragon's Call            Summ           6%         N/A       100%        9


Dungeon Overview and Level Annotations

Branches:
Dungeon (15/15)            Temple (1/1) D:4            Lair (5/5) D:8
 Shoals (4/4) Lair:2        Snake (4/4) Lair:3        Slime (0/5) Lair:5
    Orc (2/2) D:11            Elf (3/3) Orc:2        Vaults (5/5) D:13
  Crypt (0/3) Vaults:3     Depths (4/4) D:15            Zot (5/5) Depths:4
 Bailey (visited)          WizLab (visited)         Gauntlet (visited)

Altars:
Ashenzari
Cheibriados
Dithmenos
Elyvilon
Fedhas
Gozag
Hepliaklqana
Kikubaaqudgha
Makhleb
Nemelex Xobeh
Okawaru
Qazlal
Ru
Sif Muna
Trog
Uskayaw
Vehumet
Wu Jian
Xom
Yredelemnul
Zin
The Shining One
Jiyva
Lugonu

Shops:
D:6 :*   D:13 =   Orc:2 :?([   Shoals:3 (:[(   Snake:3 *((*   Snake:4 !
Vaults:1 (   Vaults:2 [(   Vaults:4 [   Zot:5 *   Depths:1 (   Depths:4 ==:=

Portals:
Hell: Depths:1 Depths:2 Depths:3 Depths:4
Abyss: Depths:2 Depths:3
Pandemonium: Depths:2 Depths:3
Ziggurat: Depths:1

Annotations:
D:1 exclusion: downstairs
D:3 1 runed translucent door, exclusion: downstairs
D:4 exclusion: downstairs
D:5 exclusion: downstairs
D:6 exclusion: downstairs
Lair:2 exclusion: upstairs
Lair:4 exclusion: 2 downstairs
Elf:2 3 runed translucent doors
Zot:4 1 runed translucent door, Icycared's ghost, master GrFi


Innate Abilities, Weirdness & Mutations

You are amphibious.
You cover ground slowly.
You can hop long distances.
You have an extended range of vision and can be seen from far away.
Your skin changes colour to match your surroundings (Stealth+).
You are very agile. (Dex +8, Str/Int -2)
Your magical capacity is low. (-10% MP)
You are strong-willed. (Will+)
You occasionally shout uncontrollably at your foes.
You have hidden genetic potential.
Your spells are a little easier to cast, but a little less powerful.


Message History

The blizzard demon waves its arms in wide circles.
The air twists around and strikes you.
Korgh tail-slaps you but does no damage.
You shoot an arrow. The arrow hits Korgh!
The arrow freezes Korgh.
Korgh is heavily wounded.
You are engulfed in blazing flames.
You resist.
You are ready to hop once more.
Korgh misses you.
You shoot an arrow. The arrow hits Korgh!!
The arrow freezes Korgh.
Korgh is severely wounded.
Korgh tail-slaps you!!
You shoot an arrow. The arrow hits Korgh!!!
The arrow freezes Korgh.
Korgh is almost dead.
You are engulfed in blazing flames.
You resist.
Korgh tail-slaps you but does no damage.
Korgh completely misses you.
You shoot an arrow. The arrow hits Korgh!!!
The arrow freezes Korgh.
You kill Korgh!
Cheibriados thoroughly appreciates the change of pace.
You are engulfed in blazing flames.
You resist.
You shoot an arrow.
The arrow closely misses the blizzard demon.
You are engulfed in blazing flames.
You resist.
The blizzard demon is engulfed in blazing flames.
The blizzard demon waves its arms in wide circles.
The air twists around and strikes you!
You shoot an arrow. The arrow hits the blizzard demon.
The blizzard demon is moderately wounded.
You are engulfed in blazing flames.
You resist. The blizzard demon gestures at you. The bolt of cold misses you.
You hear a sizzling sound!
You shoot an arrow. The arrow hits the blizzard demon!!!
The arrow freezes the blizzard demon.
You kill the blizzard demon!
Cheibriados appreciates the change of pace.
There is a broken door here.
There is an open door here.
There is a staircase leading out of the dungeon here.
You have escaped!

.....#.#### #.≈≈#.#..#..#.#≈≈# #.
>.........# #.≈≈#.#..#..#.#≈≈###.
###.......###...'.'.8#8.'.'...##.
####.##.#...≈≈#.#..#..#.#≈≈....
######.##.#.##≈≈#.#..#..#.#≈≈###.
#...#.....#.##≈≈#.#.....#.#≈≈# #.
#...#####...##≈##'###+###+##≈###.
#...#######.##≈#..+.....+..#≈##..
#.............≈#@.#######.8#≈##.#
.....########.≈####≈≈≈≈≈####≈#..#
..##.# ####.≈≈≈≈≈≈≈≈≈≈≈≈≈≈≈#.##
..##.# #.........##########..#
..##.#####....####.# #..##
).##..........# #.# #.##
..#######.....# #.#### #.#
..............# #....# #.#
^#######......# ####.# ###.#


There were no monsters in sight!

Vanquished Creatures
  6 dread liches
  5 orbs of fire
  9 ancient liches
  The ghost of Muataran the Slayer, a veteran MiMo of Yredelemnul (Zot:5)
  3 pandemonium lords
  Parghit (Zot:2)
  3 Killer Klowns
  A caustic shrike (Depths:2)
  4 curse toes
  10 golden dragons
  Jory (Vaults:5)
  6 bone dragons
  A Tzitzimitl (D:11)
  3 electric golems
  2 Brimstone Fiends
  20 tentacled monstrosities
  The ghost of motkurizz the Executioner, an adept HOCA of Makhleb (Snake:4)
  7 liches
  27 Orb Guardians
  2 deep elf blademasters (Elf:3)
  Asterion (Depths:2)
  2 quicksilver dragons
  2 deep elf master archers (Elf:3)
  The ghost of Zonian the Severer, an adept HOFi of Beogh (Snake:2)
  2 titans
  2 krakens
  19 death cobs
  An Executioner (D:6)
  12 sphinxes
  10 shadow dragons
  6 tengu reavers
  Kirke (Shoals:2)
  Agnes (Snake:1)
  18 storm dragons
  Ilsuiw (Shoals:2)
  Aizul (Snake:3)
  Donald (Shoals:2)
  5 frost giants
  9 draconian monks
  14 nagarajas
  8 draconian knights
  2 iron dragons (Vaults:5)
  6 fire giants
  2 deep elf sorcerers
  3 draconian scorchers
  13 vault wardens
  A balrug (Depths:2)
  An emperor scorpion (D:15)
  A cacodemon (Zot:1)
  3 spriggan defenders
  6 draconian stormcallers
  3 ghost moths
  19 ironbound preservers
  10 draconian shifters
  4 orc warlords
  4 war gargoyles (Vaults:5)
  3 formless jellyfish
  3 deep elf elementalists (Elf:3)
  7 draconian annihilators
  A reaper (D:1)
  2 demonspawn blood saints (Depths:3)
  The ghost of Ifehamp the Grappler, a journeyman TrFi of Wu Jian (Lair:2)
  21 very ugly things
  13 green draconians
  3 vampire knights
  8 ironbound thunderhulks
  10 stone giants
  7 deep elf demonologists
  17 black draconians
  2 deep elf annihilators
  15 red draconians
  9 dire elephants
  A spark wasp (Depths:3)
  15 white draconians
  14 yellow draconians
  3 minotaurs
  14 purple draconians
  11 ettins
  A crystal guardian (Vaults:2)
  5 fire dragons
  Snorg (Lair:5)
  A merfolk javelineer (Shoals:1)
  3 green deaths
  4 deep elf death magi (Elf:3)
  3 blizzard demons
  5 merfolk impalers
  2 jiangshi (Depths:3)
  6 deep elf high priests
  2 entropy weavers
  6 great orbs of eyes
  The ghost of Osajif the Thaumaturge, a journeyman DESh of Vehumet (Lair:4)
  15 yaktaur captains
  4 ice dragons
  3 rakshasas
  6 spriggan air magi
  A peacekeeper (Vaults:2)
  8 ironbound frosthearts
  2 merfolk aquamancers (Shoals:4)
  4 salamander tyrants
  6 ogre magi
  20 two-headed ogres
  39 vault guards
  5 anacondas
  5 hydras
  A catoblepas (Lair:5)
  20 centaur warriors
  5 merfolk avatars
  11 dancing weapons
  An anaconda (shapeshifter) (Vaults:5)
  2 death knights (D:15)
  6 boulder beetles
  6 deep troll shamans
  9 satyrs
  9 tengu warriors
  20 naga warriors
  5 deep troll earth magi
  9 death yaks
  4 spriggan berserkers
  3 hell hogs
  8 hell knights
  15 naga sharpshooters
  8 vampire magi
  8 shock serpents
  6 spriggans
  2 sun demons (Depths:1)
  6 deep elf knights
  6 soul eaters
  A sixfirhy (Zot:1)
  7 salamander mystics
  A skeletal warrior (D:15)
  A goliath frog (Lair:5)
  4 iron trolls
  41 deep trolls
  6 skysharks
  A deep troll (shapeshifter) (D:15)
  5 glowing orange brains
  A shadow dragon zombie (WizLab)
  7 sea snakes
  6 naga ritualists
  2 flayed ghosts
  An orange crystal statue (D:9)
  7 phantasmal warriors
  3 necromancers
  4 deep elf archers
  13 lindwurms
  6 wizards
  17 ironbound convokers
  24 deep elf pyromancers
  19 deep elf zephyrmancers
  A human zombie (Vaults:3)
  20 harpies
  An oklob plant (Lair:5)
  38 ugly things
  14 mana vipers
  14 salamanders
  4 orc sorcerers
  13 fauns
  10 orc knights
  7 cyclopes
  15 manticores
  A shining eye (Zot:1)
  7 elephants
  A human skeleton (Vaults:3)
  20 naga magi
  34 moths of wrath
  7 water nymphs
  10 merfolk sirens
  A toenail golem (Zot:1)
  20 vault sentinels
  11 guardian serpents
  30 black mambas
  A fire giant skeleton (Vaults:3)
  A water nymph (shapeshifter) (Vaults:5)
  A torpor snail (Gauntlet)
  3 eyes of devastation (Depths:1)
  An orange demon (Zot:1)
  3 rust devils
  2 gargoyles
  Maggie (D:9)
  6 smoke demons
  2 unseen horrors (D:12)
  19 cane toads
  2 hellions
  2 rime drakes
  3 freezing wraiths
  7 kobold demonologists
  18 yaktaurs
  5 tengu conjurers
  14 komodo dragons
  19 merfolk
  2 polar bears (Lair:4)
  14 trolls
  A red devil (Depths:2)
  A troll (shapeshifter) (Vaults:4)
  4 wind drakes
  7 hornets
  A hellwing (Depths:3)
  14 blink frogs
  10 snapping turtles
  38 slime creatures
  6 dream sheep (Lair:4)
  5 air elementals
  A centaur simulacrum (D:15)
  2 wraiths (D:15)
  A ynoxinul (Depths:3)
  13 water elementals
  5 wyverns
  3 hogs (Shoals:2)
  A vampire (D:12)
  2 shadows
  8 fire bats
  A yak (shapeshifter) (Elf:3)
  66 yaks
  2 chaos spawn
  3 basilisks
  A human simulacrum (Vaults:3)
  Grum (Lair:1)
  5 vampire mosquitoes (Lair:5)
  A steam dragon (Lair:2)
  Edmund (D:5)
  3 wargs (Orc:2)
  An acid dragon (D:11)
  36 nagas
  A swamp worm (shapeshifter) (Depths:4)
  2 floating eyes
  2 floating eyes (shapeshifter)
  A small abomination (D:4)
  14 water moccasins
  A hell hound (Gauntlet)
  A swamp drake (D:11)
  33 orc warriors
  3 ice beasts
  2 sky beasts
  5 black bears (D:8)
  A boggart (Lair:4)
  A tengu (shapeshifter) (D:15)
  28 ogres
  26 wolves
  9 centaurs
  A phantom (D:7)
  Blork the orc (D:5)
  19 bullfrogs
  18 kobold brigands
  2 gnoll sergeants
  2 wyvern zombies (D:7)
  5 earth elementals
  3 scorpions
  16 wights
  10 killer bees
  The ghost of TobyConnect the Insei, a weakling DsSh (D:3)
  2 bullfrog zombies (D:7)
  3 electric eels
  4 crimson imps (Gauntlet)
  3 lava snakes (Lair:3)
  A howler monkey (D:9)
  4 hounds
  5 centaur zombies (D:7)
  7 jellies
  A gnoll bouda (D:7)
  20 orc priests
  4 sleepcaps
  Crazy Yiuf (D:7)
  Terence (D:2)
  4 iguanas
  33 orc wizards
  4 hell rats (Lair:3)
  A statue (D:7)
  3 howler monkey zombies (D:7)
  9 adders
  22 gnolls
  3 shadow imps
  2 white imps
  6 ufetubi
  A worm (D:3)
  98 orcs
  6 ball pythons
  11 endoplasms
  2 giant cockroaches
  8 goblins
  3 hobgoblins
  5 quokkas
  4 bats
  5 frilled lizards
  48 kobolds
  3 rats (D:2)
  A butterfly (Lair:1)
  A tentacle (Shoals:2)
2189 creatures vanquished.

Vanquished Creatures (collateral kills)
  A shock serpent (Snake:1)
  A goliath frog (Lair:5)
  A blink frog (Lair:5)
  A naga (Snake:1)
4 creatures vanquished.

Vanquished Creatures (others)
  A deep elf pyromancer (Elf:1)
  A human (Shoals:2)
  7 tentacles
9 creatures vanquished.

Grand Total: 2202 creatures vanquished

Notes
Turn   | Place    | Note
-------+----------+-------------------------------------------
     0 | D:1      | motkurizz the Barachi Ice Elementalist began the quest for
                  | the Orb.
     0 | D:1      | Reached XP level 1. HP: 13/13 MP: 3/3
   253 | D:1      | Reached skill level 5 in Ice Magic
   316 | D:1      | Reached XP level 2. HP: 19/19 MP: 2/5
  1061 | D:2      | Found a faded altar of an unknown god.
  1218 | D:3      | Noticed TobyConnect's ghost (weakling DsSh)
  1218 | D:3      | Found a runed translucent door.
  1382 | D:2      | Reached XP level 3. HP: 24/24 MP: 7/7
  1468 | D:2      | Learned a level 3 spell: Frozen Ramparts
  1553 | D:2      | Reached XP level 4. HP: 30/31 MP: 8/8
  1630 | D:2      | Reached skill level 1 in Fighting
  1726 | D:2      | Noticed Terence
  1740 | D:2      | Killed Terence
  1965 | D:2      | Learned a level 3 spell: Ozocubu's Armour
  1968 | D:2      | Learned a level 2 spell: Blink
  2129 | D:3      | Reached XP level 5. HP: 37/39 MP: 9/9
  2347 | D:3      | Identified the +6 hand axe "Okhlusmam" {pain, rElec}
  2889 | D:3      | Found a runed translucent door.
  2907 | D:3      | Killed TobyConnect's ghost
  2908 | D:3      | Reached XP level 6. HP: 48/48 MP: 8/10
  3193 | D:4      | Reached skill level 1 in Evocations
  3197 | D:4      | Found a staircase to the Ecumenical Temple.
  3208 | Temple   | Entered the Ecumenical Temple
  3224 | Temple   | Became a worshipper of Cheibriados the Contemplative
  4028 | D:5      | Entered Level 5 of the Dungeon
  4152 | D:5      | Noticed Edmund
  4170 | D:5      | Killed Edmund
  4171 | D:5      | Reached XP level 7. HP: 51/54 MP: 9/11
  4299 | D:5      | Noticed Blork the orc
  4649 | D:5      | Killed Blork the orc
  4649 | D:5      | Reached * piety under Cheibriados
  4650 | D:5      | Reached skill level 5 in Fighting
  4650 | D:5      | Reached skill level 1 in Maces & Flails
  5288 | D:5      | Reached XP level 8. HP: 61/62 MP: 12/12
  5546 | D:5      | Reached skill level 1 in Ranged Weapons
  5732 | D:6      | Found Beebox's Assorted Antiques.
  5848 | D:6      | Bought a scroll of identify for 52 gold pieces
  5848 | D:6      | Bought a scroll of identify for 52 gold pieces
  5848 | D:6      | Bought a scroll labelled NAESA GUDEOTAG for 26 gold pieces
  5983 | D:6      | Reached ** piety under Cheibriados
  6107 | D:6      | Found Itedan's Self-Published Books.
  6162 | D:6      | Reached skill level 5 in Ranged Weapons
  6237 | D:6      | Reached XP level 9. HP: 70/70 MP: 13/13
  6483 | D:6      | Found a stormy altar of Qazlal.
  6483 | D:6      | Found an iron altar of Okawaru.
  7027 | D:7      | Reached *** piety under Cheibriados
  7535 | D:7      | Found a radiant altar of Vehumet.
  7760 | D:7      | Reached **** piety under Cheibriados
  7838 | D:7      | Reached skill level 5 in Dodging
  7846 | D:7      | Reached XP level 10. HP: 62/78 MP: 14/14
  8033 | D:7      | Found a runed translucent door.
  8034 | D:7      | Noticed Crazy Yiuf
  8286 | D:8      | Found a flagged portal.
  8308 | Bailey   | Entered a bailey
  8444 | Bailey   | Reached ***** piety under Cheibriados
  8702 | D:8      | Found Erihyefi's General Store.
  9198 | D:8      | Reached skill level 10 in Ranged Weapons
  9285 | D:8      | Reached XP level 11. HP: 89/89 MP: 15/15
  9334 | D:8      | Found a staircase to the Lair.
  9582 | Lair:1   | Entered Level 1 of the Lair of Beasts
  9601 | Lair:1   | Reached skill level 1 in Invocations
  9615 | Lair:1   | Reached ****** piety under Cheibriados
  9626 | Lair:1   | Noticed Grum
  9644 | Lair:1   | Killed Grum
  9673 | Lair:1   | Reached skill level 10 in Fighting
  9782 | Lair:1   | Noticed a death yak
  9782 | Lair:1   | Noticed a death yak
  9782 | Lair:1   | Noticed a death yak
  9782 | Lair:1   | Noticed a death yak
  9782 | Lair:1   | Noticed a death yak
  9783 | Lair:1   | Noticed a death yak
  9867 | Lair:1   | Found a gate leading to a gauntlet.
  9873 | Gauntlet | Entered a Gauntlet
  9873 | Gauntlet | Found a transporter.
  9873 | Gauntlet | Found a transporter.
  9873 | Gauntlet | Found a transporter.
  9882 | Gauntlet | Found a transporter.
  9886 | Gauntlet | Found a transporter.
  9897 | Gauntlet | Found a transporter.
  9898 | Gauntlet | Found a transporter.
  9899 | Gauntlet | Noticed a hell hog
  9915 | Gauntlet | Found a transporter.
  9930 | Gauntlet | Found a transporter.
  9948 | Gauntlet | Found a transporter.
  9950 | Gauntlet | Found a transporter.
  9972 | Gauntlet | Found a transporter.
 10369 | Gauntlet | Identified the scarf "Geul" {rC+ rF+, rElec Dex+3}
 10483 | Gauntlet | Reached XP level 12. HP: 89/97 MP: 16/16
 10488 | Gauntlet | Killed a hell hog
 10489 | Gauntlet | Reached skill level 5 in Invocations
 10526 | Gauntlet | Identified the staff of the Gibberer {rPois Int+3 Ice
                  | Poison}
 10526 | Gauntlet | Noticed a minotaur
 10561 | Gauntlet | Identified the staff of the Eye-covered God {rPois rF+ rN+
                  | Int+3 Necro}
 10641 | Lair:2   | Noticed a seven-headed hydra
 10668 | Lair:2   | Killed a seven-headed hydra
 10982 | Lair:2   | Found a staircase to the Shoals.
 11256 | Lair:2   | Found a runed translucent door.
 11256 | Lair:2   | Noticed Ifehamp's ghost (journeyman TrFi)
 11263 | Lair:2   | Learned a level 4 spell: Summon Ice Beast
 11303 | Lair:2   | Reached skill level 1 in Summonings
 11843 | Lair:3   | Reached skill level 10 in Dodging
 12016 | Lair:3   | Noticed a skyshark
 12026 | Lair:3   | Killed a skyshark
 12189 | Lair:3   | Gained mutation: You can hop long distances. [Barachi
                  | growth]
 12189 | Lair:3   | Reached XP level 13. HP: 89/103 MP: 18/18
 12285 | Lair:3   | Identified the +8 dagger "Paeduqy" {freeze, rF+ Will+ MP-9
                  | Stlth+}
 12465 | Lair:3   | Found a shimmering altar of Xom.
 12993 | Lair:3   | Found a staircase to the Snake Pit.
 13434 | Lair:4   | Identified the +1 ring mail of the Ward {rElec Int+3}
 13625 | Lair:4   | Found a runed translucent door.
 13627 | Lair:4   | Noticed Osajif's ghost (journeyman DESh)
 13628 | Lair:4   | Identified the +6 spear "Xoocane" {speed, Int+3}
 13968 | Lair:4   | Reached skill level 1 in Armour
 14201 | Lair:5   | Entered Level 5 of the Lair of Beasts
 14201 | Lair:5   | Found a viscous altar of Jiyva.
 14201 | Lair:5   | Found a staircase to the Slime Pits.
 14213 | Lair:5   | Noticed Snorg
 14213 | Lair:5   | Found a glowing golden altar of the Shining One.
 14277 | Lair:5   | Reached skill level 5 in Stealth
 14304 | Lair:5   | Killed Snorg
 14401 | Lair:5   | Reached XP level 14. HP: 113/113 MP: 19/19
 14605 | Lair:5   | Got the Octavo of Vehement Congelation
 14614 | Lair:5   | Learned a level 3 spell: Hailstorm
 15440 | Lair:4   | Killed Osajif's ghost
 15447 | Lair:4   | Reached skill level 5 in Evocations
 15594 | Lair:2   | Killed Ifehamp's ghost
 16123 | Lair:1   | Identified the +0 robe of the Weaver {Fly SInv}
 16801 | D:9      | Noticed Maggie
 16814 | D:9      | Killed Maggie
 16887 | D:9      | Reached skill level 1 in Translocations
 17340 | D:10     | Entered Level 10 of the Dungeon
 17716 | D:10     | Found a corrupted altar of Lugonu.
 17755 | D:10     | Found a shadowy altar of Dithmenos.
 17947 | D:11     | Reached XP level 15. HP: 124/124 MP: 20/20
 18754 | D:11     | Found a staircase to the Orcish Mines.
 18870 | Orc:1    | Entered Level 1 of the Orcish Mines
 18907 | Orc:1    | Paralysed by an orc sorcerer for 5 turns
 19071 | Orc:1    | You fall into a shaft and drop 1 floor!
 19071 | Orc:2    | Entered Level 2 of the Orcish Mines
 19071 | Orc:2    | Found Ynoazi Guaxt's Book Shoppe.
 19071 | Orc:2    | Found Acaruik's Magic Scroll Shop.
 19071 | Orc:2    | Found Vekaill's Antique Weapon Emporium.
 19083 | Orc:2    | Reached skill level 15 in Ranged Weapons
 19116 | Orc:2    | Reached skill level 15 in Dodging
 19259 | Orc:2    | Found Digomeu's Armour Emporium.
 19262 | Orc:2    | Bought a scroll of identify for 30 gold pieces
 19512 | Orc:2    | Found a staircase to the Elven Halls.
 20485 | Orc:2    | Bought a scroll of enchant weapon for 112 gold pieces
 21263 | D:13     | Found Hyv Ekhlu's Jewellery Shoppe.
 21416 | D:13     | Bought the ring of the Grinning Fool {rF+ Will++ Int+3} for
                  | 732 gold pieces
 21429 | D:13     | Found a gate to the Vaults.
 21453 | D:13     | Reached XP level 16. HP: 133/133 MP: 16/21
 21724 | D:14     | Identified the +7 war axe "Gefodiwn" {spect, +Blink rPois}
 22573 | D:15     | Entered Level 15 of the Dungeon
 23572 | D:15     | Found a staircase to the Depths.
 23914 | D:7      | Killed Crazy Yiuf
 24333 | Shoals:1 | Entered Level 1 of the Shoals
 25347 | Shoals:2 | Reached skill level 5 in Spellcasting
 25444 | Shoals:2 | Reached XP level 17. HP: 137/140 MP: 24/24
 25530 | Shoals:2 | Noticed Donald
 25536 | Shoals:2 | Killed Donald
 25537 | Shoals:2 | Reached skill level 15 in Fighting
 25537 | Shoals:2 | Reached skill level 5 in Armour
 25808 | Shoals:2 | Noticed Kirke
 25827 | Shoals:2 | Noticed Ilsuiw
 25888 | Shoals:2 | Killed Kirke
 25896 | Shoals:2 | Killed Ilsuiw
 26176 | Shoals:2 | Found a glowing golden altar of the Shining One.
 26181 | Shoals:2 | Noticed a kraken
 26190 | Shoals:2 | Killed a kraken
 26411 | Shoals:3 | Found Vihang's Book Shop.
 26447 | Shoals:3 | Found Tiasuq's Antique Weapon Boutique.
 26472 | Shoals:3 | Noticed a kraken
 26482 | Shoals:3 | Killed a kraken
 26564 | Shoals:3 | Found Iheson's Antique Weapon Shop.
 27027 | Shoals:3 | Found Idarod's Armour Emporium.
 27068 | Shoals:4 | Entered Level 4 of the Shoals
 27343 | Shoals:4 | Noticed a sphinx
 27354 | Shoals:4 | Killed a sphinx
 27544 | Shoals:4 | Noticed a sphinx
 27562 | Shoals:4 | Killed a sphinx
 27627 | Shoals:4 | Got a barnacled rune of Zot
 27678 | Shoals:4 | Got the Lectures on Shadowy Incineration
 27857 | Shoals:4 | Identified a scroll of acquirement
 27860 | Shoals:4 | Acquired the ring "Bubod" {Str+6 Dex+6}
 28330 | Vaults:1 | Entered Level 1 of the Vaults
 28352 | D:13     | Reached XP level 18. HP: 134/151 MP: 17/27
 28423 | Vaults:1 | Identified the +4 scale mail of the Evening Star {+Blink
                  | rN+}
 28703 | Vaults:1 | Found Ikhluq's Weapon Shop.
 30364 | Vaults:2 | Reached skill level 10 in Armour
 30436 | Vaults:2 | Reached XP level 19. HP: 128/161 MP: 25/28
 30629 | Vaults:2 | Found Etsecac's Armour Emporium.
 31004 | Vaults:2 | Found Pisem's Antique Weapon Boutique.
 31442 | Vaults:3 | Paralysed by a formless jellyfish for 1 turns
 32315 | Vaults:3 | Identified the +2 flail of Dim Azo {vamp, rElec rPois rF+
                  | MP+9 Int+4}
 32869 | Vaults:3 | Found a staircase to the Crypt.
 32869 | Vaults:3 | Found a basalt altar of Yredelemnul.
 32870 | Vaults:3 | Found an ancient bone altar of Kikubaaqudgha.
 33110 | Vaults:4 | Reached XP level 20. HP: 170/170 MP: 29/29
 33190 | Vaults:4 | Paralysed by a formless jellyfish for 1 turns
 33734 | Vaults:4 | Identified the +8 quarterstaff of Fear {freeze, rC++}
 33833 | Vaults:4 | Found Faem's Armour Emporium.
 34200 | Vaults:4 | Learned a level 4 spell: Passage of Golubria
 34545 | Snake:1  | Entered Level 1 of the Snake Pit
 34574 | Snake:1  | Noticed Agnes
 34580 | Snake:1  | Killed Agnes
 35528 | Snake:2  | Noticed Zonian's ghost (adept HOFi)
 35607 | Snake:2  | Found a transporter.
 35622 | Snake:2  | Found a transporter.
 35703 | Snake:2  | Upgraded the game from 0.31-a0-485-gaadceae713 to
                  | 0.31-a0-496-g6f97920a28
 36228 | Snake:3  | Noticed Aizul
 36240 | Snake:3  | Killed Aizul
 36431 | Snake:3  | Found Vauhusch's General Store.
 36435 | Snake:3  | Bought a scroll of identify for 32 gold pieces
 36435 | Snake:3  | Bought a scroll of blinking for 120 gold pieces
 36435 | Snake:3  | Bought a potion of mutation for 128 gold pieces
 36436 | Snake:3  | Reached XP level 21. HP: 179/179 MP: 30/30
 36437 | Snake:3  | Reached XP level 22. HP: 187/187 MP: 31/31
 36438 | Snake:3  | Reached XP level 23. HP: 194/194 MP: 32/32
 36456 | Snake:3  | Found Yjunamp's Antique Weapon Emporium.
 36517 | Snake:3  | Found a runed translucent door.
 36553 | Snake:3  | Found Naeh's Antique Weapon Emporium.
 36744 | Snake:3  | Found Vutiuff's General Store.
 36753 | Snake:3  | Bought a scroll of identify for 28 gold pieces
 36753 | Snake:3  | Bought a potion of heal wounds for 70 gold pieces
 37202 | Snake:4  | Entered Level 4 of the Snake Pit
 37202 | Snake:4  | Found Anibbyd's Distillery.
 37206 | Snake:4  | Bought a potion of enlightenment for 65 gold pieces
 37206 | Snake:4  | Bought a potion of heal wounds for 65 gold pieces
 37334 | Snake:4  | Found a runed translucent door.
 37358 | Snake:4  | Noticed motkurizz's ghost (adept HOCA)
 37792 | Snake:4  | Reached XP level 24. HP: 202/202 MP: 28/32
 38686 | Snake:4  | Got a serpentine rune of Zot
 38818 | Snake:4  | Killed motkurizz's ghost
 38945 | Snake:2  | Killed Zonian's ghost
 38956 | Snake:2  | Reached skill level 15 in Armour
 38956 | Snake:2  | Reached XP level 25. HP: 194/210 MP: 27/32
 38965 | Snake:2  | Identified the ring "Fivav" {Ice rCorr Str+3 Dex+2}
 39501 | Depths:1 | Entered Level 1 of the Depths
 39531 | Depths:1 | Found Dazyfyxy's Antique Weapon Shoppe.
 39625 | Depths:1 | Identified the +4 demon whip of Fortitude {flame, rCorr
                  | Str+3}
 39656 | Depths:1 | Found a gateway to Hell.
 39796 | Depths:1 | Reached skill level 10 in Stealth
 39806 | Depths:1 | Found a one-way gateway to a ziggurat.
 40363 | Depths:1 | Found an ancient bone altar of Kikubaaqudgha.
 40549 | Depths:2 | Found a sacrificial altar of Ru.
 40564 | Depths:2 | Identified the +8 bardiche of the Hierophant {elec, rElec
                  | rF- rCorr Int+6}
 40827 | Depths:2 | Found a one-way gate to the infinite horrors of the Abyss.
 41050 | Depths:2 | Noticed Asterion
 41069 | Depths:2 | Killed Asterion
 41076 | Depths:2 | Reached XP level 26. HP: 145/220 MP: 29/32
 41389 | Depths:2 | Found a white marble altar of Elyvilon.
 41632 | Depths:2 | Found a one-way gate leading to the halls of Pandemonium.
 41887 | Depths:3 | Found a flickering gateway to a bazaar.
 41898 | Depths:3 | Reached XP level 27. HP: 228/228 MP: 32/32
 41902 | Bazaar   | Entered a bazaar
 41902 | Bazaar   | Found Odeac's Distillery.
 41910 | Bazaar   | Found Erorchoy's General Store.
 41919 | Bazaar   | Bought a scroll of enchant armour for 127 gold pieces
 41921 | Bazaar   | Found Begilul's Distillery.
 41951 | Bazaar   | Found Hivvytoa's Weapon Emporium.
 41956 | Bazaar   | Found Qeez's Jewellery Emporium.
 41976 | Bazaar   | Bought the amulet "Yseenof" {Faith rPois Str+4} for 596
                  | gold pieces
 42028 | Bazaar   | Bought a potion of heal wounds for 65 gold pieces
 42028 | Bazaar   | Bought a potion of heal wounds for 65 gold pieces
 42028 | Bazaar   | Bought a potion of invisibility for 104 gold pieces
 42028 | Bazaar   | Bought a potion of curing for 39 gold pieces
 42042 | Bazaar   | Bought 2 potions of curing for 102 gold pieces
 42042 | Bazaar   | Bought a potion of curing for 51 gold pieces
 42049 | Bazaar   | Bought 2 potions of mutation for 112 gold pieces
 42049 | Bazaar   | Bought a potion of invisibility for 56 gold pieces
 42049 | Bazaar   | Bought a potion of curing for 21 gold pieces
 42049 | Bazaar   | Bought a potion of resistance for 70 gold pieces
 42049 | Bazaar   | Bought a potion of mutation for 56 gold pieces
 42855 | Depths:3 | Found a stormy altar of Qazlal.
 43043 | Depths:4 | Entered Level 4 of the Depths
 43337 | Depths:4 | Found a white marble altar of Elyvilon.
 43388 | Depths:4 | Found Niruum's Jewellery Boutique.
 43728 | Depths:4 | Found Illyity's Jewellery Boutique.
 43729 | Depths:4 | Found Uxzum's Book Emporium.
 43731 | Depths:4 | Found Vageebbi's Jewellery Boutique.
 44189 | Depths:4 | Found a gate to the Realm of Zot.
 44936 | Vaults:5 | Entered Level 5 of the Vaults
 44936 | Vaults:5 | Noticed Jory
 44938 | Vaults:5 | Found the +3 Elemental Staff {ele, rElec rF+ rC+ AC+3}
 45352 | Vaults:5 | Identified the +4 flail of Xedas {holy, rF+ Int+5 Stlth+}
 45383 | Vaults:5 | Identified the +6 scimitar of Dismay {venom, *Noise Str+3
                  | SInv}
 45427 | Vaults:5 | Killed Jory
 45430 | Vaults:5 | Identified the +9 trident of Forgiveness {freeze, rF+ rN+
                  | Int+3}
 45713 | Vaults:5 | Noticed a dread lich
 45717 | Vaults:5 | Paralysed by a dread lich for 3 turns
 45722 | Vaults:5 | Killed a dread lich
 45741 | Vaults:5 | Noticed an ancient lich
 45755 | Vaults:5 | Killed an ancient lich
 46062 | Vaults:5 | Identified the +5 great mace of Hocsowet {flame, rN++}
 46138 | Vaults:5 | Noticed an ancient lich
 46142 | Vaults:5 | Killed an ancient lich
 46661 | Vaults:5 | Acquired 870 gold pieces
 46840 | Vaults:5 | Identified the +0 pair of boots of Pride {rC+ MP+9}
 46891 | Vaults:5 | Got a silver rune of Zot
 47242 | Vaults:5 | Got the Compilation of Bad Luck
 47243 | Vaults:5 | Identified the +8 crystal plate armour of Moral Flaws
                  | {Contam rPois rC+}
 47985 | Zot:1    | Entered Level 1 of the Realm of Zot
 48119 | Zot:1    | Noticed an orb of fire
 48126 | Zot:1    | Killed an orb of fire
 48223 | Zot:1    | Paralysed by a floating eye for 2 turns
 48229 | Zot:1    | Paralysed by a floating eye for 4 turns
 48898 | Zot:1    | Acquired a manual of Dodging
 49628 | Zot:2    | Noticed Parghit
 49640 | Zot:2    | Killed Parghit
 50769 | Zot:3    | Identified the +6 quarterstaff of Objectivity {flame, rElec
                  | rC- rN+++ Dex-3}
 51179 | Zot:3    | Identified the +1 long sword of Division {speed, rCorr}
 51475 | Zot:4    | Noticed an orb of fire
 51478 | Zot:4    | Gained mutation: You are frail. (-10% HP) [an orb of fire]
 51484 | Zot:4    | Killed an orb of fire
 52139 | Zot:4    | Found a runed translucent door.
 52139 | Zot:4    | Noticed Icycared's ghost (master GrFi)
 52169 | Zot:5    | Entered Level 5 of the Realm of Zot
 52226 | Zot:5    | Noticed an ancient lich
 52226 | Zot:5    | Noticed a dread lich
 52230 | Zot:5    | Noticed an ancient lich
 52230 | Zot:5    | Noticed an ancient lich
 52237 | Zot:5    | Noticed Muataran's ghost (veteran MiMo)
 52256 | Zot:5    | Killed an ancient lich
 52287 | Zot:5    | Found a runed translucent gate.
 52287 | Zot:5    | Found a runed translucent gate.
 52287 | Zot:5    | Found a runed translucent gate.
 52287 | Zot:5    | Found Rinogaud's Last-Chance Deals.
 52790 | Zot:5    | Identified the +4 leather armour "Woigienao" {rF- Str+5}
 52797 | Zot:5    | Killed an ancient lich
 52839 | Zot:5    | Bought the amulet of Icisa {Faith Regen+ Dex+2} for 1 gold
                  | piece
 53238 | Elf:1    | Entered Level 1 of the Elven Halls
 53318 | Elf:1    | Found a magical portal.
 53331 | WizLab   | Entered Doroklohe's Tomb
 53590 | Elf:1    | Got the Tome of the Escort
 54137 | Elf:1    | Reached skill level 27 in Armour
 54228 | Elf:1    | Identified the +4 ice dragon scales of Tat Ygre {+Blink
                  | rElec rPois rF- rC++ Stlth-}
 54712 | Elf:2    | Found a runed translucent gate.
 54712 | Elf:2    | Found a runed translucent gate.
 54712 | Elf:2    | Found a runed translucent gate.
 54787 | Elf:3    | Entered Level 3 of the Elven Halls
 55359 | Elf:3    | Identified the +9 quarterstaff of Laceration {flame,
                  | Stlth+}
 55359 | Elf:3    | Identified the ring "Cegoneuf" {rF+ rCorr Str-5 Dex+3 SInv}
 55621 | Elf:3    | Got the Vademecum on Spelunking
 55695 | Elf:3    | Identified the +6 orcbow of Ateotot {freeze, rPois rCorr
                  | Str+5 Int-5}
 56076 | Orc:2    | Bought a scroll of fear for 60 gold pieces
 56076 | Orc:2    | Bought a scroll of fear for 60 gold pieces
 56076 | Orc:2    | Bought a scroll of noise for 15 gold pieces
 56491 | Zot:5    | Killed an ancient lich
 56528 | Zot:5    | Acquired the +7 orcbow "Intir" {antimagic, Will+ rCorr
                  | Dex+6}
 56541 | Zot:5    | Acquired the amulet of Rungoywn {Faith Fragile rElec Regen+
                  | SInv}
 56619 | Zot:5    | Killed Muataran's ghost
 56801 | Zot:5    | Acquired the +9 hand crossbow "Q" {penet, Int+4 Dex+2}
 57161 | Zot:5    | Noticed a dread lich
 57182 | Zot:5    | Killed a dread lich
 57335 | Zot:5    | Noticed an ancient lich
 57340 | Zot:5    | Killed an ancient lich
 57340 | Zot:5    | Noticed an ancient lich
 57343 | Zot:5    | Noticed a dread lich
 57347 | Zot:5    | Killed an ancient lich
 57354 | Zot:5    | Killed a dread lich
 57363 | Zot:5    | Noticed an ancient lich
 57372 | Zot:5    | Killed an ancient lich
 57532 | Zot:5    | Noticed a dread lich
 57534 | Zot:5    | Killed a dread lich
 57677 | Zot:5    | Killed a dread lich
 57719 | Zot:5    | Noticed an orb of fire
 57721 | Zot:5    | Gained mutation: You sometimes lose your temper in combat.
                  | [an orb of fire]
 57729 | Zot:5    | Gained mutation: Your magical capacity is low. (-10% MP)
                  | [an orb of fire]
 57734 | Zot:5    | Gained mutation: Your spells are a little easier to cast,
                  | but a little less powerful. [an orb of fire]
 57737 | Zot:5    | Killed an orb of fire
 57738 | Zot:5    | Lost mutation: You are frail. (-10% HP) [potion of
                  | mutation]
 57738 | Zot:5    | Lost mutation: You sometimes lose your temper in combat.
                  | [potion of mutation]
 57738 | Zot:5    | Gained mutation: Your skin changes colour to match your
                  | surroundings (Stealth+). [potion of mutation]
 57738 | Zot:5    | Gained mutation: Your spells are easier to cast, but less
                  | powerful. [potion of mutation]
 57738 | Zot:5    | Gained mutation: You have a somewhat thin skeletal
                  | structure. (Dex +2, Stealth+) [potion of mutation]
 57801 | Zot:5    | Reached skill level 27 in Fighting
 57872 | Zot:5    | Noticed a dread lich
 57888 | Zot:5    | Killed a dread lich
 57908 | Zot:5    | Identified the +1 leather armour of Daetz {Int+2 Slay+2}
 57955 | Zot:5    | Noticed an orb of fire
 57959 | Zot:5    | Noticed an orb of fire
 57963 | Zot:5    | Gained mutation: Potions are less effective at restoring
                  | your health. [an orb of fire]
 57966 | Zot:5    | Noticed an ancient lich
 57968 | Zot:5    | Gained mutation: You occasionally shout uncontrollably at
                  | your foes. [an orb of fire]
 57970 | Zot:5    | Killed an orb of fire
 57973 | Zot:5    | Gained mutation: You frequently scream uncontrollably at
                  | your foes. [an orb of fire]
 57975 | Zot:5    | Killed an ancient lich
 57978 | Zot:5    | Gained mutation: Armour fits poorly on your strangely
                  | shaped body. [an orb of fire]
 57979 | Zot:5    | Gained mutation: You are frail. (-10% HP) [an orb of fire]
 58068 | Zot:5    | Lost mutation: You frequently scream uncontrollably at your
                  | foes. [potion of mutation]
 58068 | Zot:5    | Lost mutation: You have a somewhat thin skeletal structure.
                  | (Dex +2, Stealth+) [potion of mutation]
 58068 | Zot:5    | Gained mutation: You have hidden genetic potential. [potion
                  | of mutation]
 58068 | Zot:5    | Gained mutation: You are strong-willed. (Will+) [potion of
                  | mutation]
 58068 | Zot:5    | Gained mutation: You possess an exceptional clarity of
                  | mind. [potion of mutation]
 58069 | Zot:5    | Lost mutation: You possess an exceptional clarity of mind.
                  | [potion of mutation]
 58069 | Zot:5    | Lost mutation: Potions are less effective at restoring your
                  | health. [potion of mutation]
 58069 | Zot:5    | Lost mutation: Your spells are easier to cast, but less
                  | powerful. [potion of mutation]
 58070 | Zot:5    | Lost mutation: Armour fits poorly on your strangely shaped
                  | body. [potion of mutation]
 58070 | Zot:5    | Lost mutation: You are frail. (-10% HP) [potion of
                  | mutation]
 58070 | Zot:5    | Gained mutation: You are agile. (Dex +4, Str/Int -1)
                  | [potion of mutation]
 58070 | Zot:5    | Gained mutation: You are very agile. (Dex +8, Str/Int -2)
                  | [potion of mutation]
 58134 | Zot:5    | Killed an orb of fire
 58718 | Zot:5    | Got the Orb of Zot
 59024 | D:15     | Noticed Onuifaiss the pandemonium lord
 59041 | D:15     | Killed Onuifaiss the pandemonium lord
 59282 | D:4      | Noticed Adoziorph the pandemonium lord
 59300 | D:4      | Killed Adoziorph the pandemonium lord
 59368 | D:1      | Noticed Korgh the pandemonium lord
 59386 | D:1      | Killed Korgh the pandemonium lord
 59401 | D:$      | Escaped with the Orb!

Illustrated notes

Levels and vault maps discovered:
D:1:      heliophobic_arrival_glass_houses, layout_basic, minmay_pentomino_z2
D:2:      layout_basic, nicolae_ecumenical_pavilion, uniq_terence
D:3:      layout_loops_ring, ebering_ghost_sewer_f
D:4:      layout_loops_cross, minmay_temple_entry_gardened_gates
D:5:      minmay_clustersquares, layout_loops_ring, uniq_edmund,
          uniq_blork_the_orc
D:6:      layout_basic, amethyst_overflow_temple_binary, serial_shops, shop,
          minmay_stone_trees_small, nicolae_custom_books, st_stairs_6,
          minmay_strange_pillars
D:7:      nicolae_cairo_tiling, layout_basic, vehumet_statue, serial_undead,
          serial_undead_e, serial_undead_d, serial_undead_c, serial_undead_d,
          serial_undead_f, serial_undead_a, serial_undead_c,
          uniq_crazy_yiuf_cottage
D:8:      layout_loops_ring, due_lair_maze_entry_diamond, serial_shops,
          shop_coins, enter_bailey_4, dk_noncrumbling_3
D:9:      layout_roguey, special_room [special_room_kobold], minivault_16,
          uniq_maggie
D:10:     kennysheep_kobold_lugonu_temple, layout_small_grid,
          grunt_dithmenos_smoke
D:11:     layout_long_grid, erik_orc_1, kennysheep_generic_room_8
D:12:     layout_loops_ring
D:13:     layout_cross, erik_vaults_1, serial_shops, shop
D:14:     layout_long_grid, serial_park_tiny_pond, kennysheep_big_empty_room
D:15:     hangedman_depths_entry_try_elsewhere_first, layout_basic,
          hangedman_decor_push
Temple:   regret_index_temple_mists
Lair:1:   layout_chaotic_city, gauntlet_entry_generic, lemuel_fruit_fields,
          uniq_grum
Lair:2:   layout_regular_city, minmay_shoals_entry_beasts,
          hellmonk_ghost_happy_afterlife, st_stairs_8
Lair:3:   layout_concentric_octagons, nicolae_snake_entry_warm_welcome,
          basic_altar, lemuel_fruit_tree
Lair:4:   layout_roguey, ebering_ghost_funeral_grove, serial_bayou_shore_a,
          serial_bayou_shore_b
Lair:5:   minmay_lair_end_frog_pond, layout_loops_ring,
          nicolae_slime_entry_slimehenge, minmay_hedge_maze, lemuel_oklob_altar,
          uniq_snorg
Shoals:1: layout_shoals
Shoals:2: layout_shoals, wheals_shoals_ruined_temple, uniq_ilsuiw, uniq_donald,
          uniq_kirke
Shoals:3: layout_shoals, serial_shops, nicolae_shop_back_alley_shop, shop, shop,
          shop
Shoals:4: shoals_end_hellmonk_lost_city
Snake:1:  layout_onion_interference, nicolae_snake_magic_snake_eye,
          grunt_megastairs_3, uniq_agnes
Snake:2:  layout_layer_cave, gammafunk_ghost_berserking_beasts,
          nicolae_snake_gridmaze_zigzag
Snake:3:  cheibrodos_toxic_ritual, layout_rooms, serial_shops, shop_fountains,
          shop, shop, nicolae_shop_stone, grunt_megastairs_5, uniq_aizul
Snake:4:  grunt_snake_rune_spirals, layout_onion_interference, serial_shops,
          nicolae_shop_hallway_stairs, ebering_ghost_reflecting_pool,
          st_stairs_1
Orc:1:    layout_diamond_mine
Orc:2:    st_orc_open, layout_caves, mines4_lemuel
Elf:1:    elf_arrival_002, layout_onion_city, infiniplex_enter_wizlab_glasses,
          minmay_elf_demonology
Elf:2:    nicolae_elf_blades_splatter_lattice
          [nicolae_blade_entry_sentries_behind_glass], layout_geoelf_octagon
Elf:3:    elf_hall_gauntlet_narrow, layout_geoelf_castle,
          nicolae_elf_big_sculpture_1
Vaults:1: v_misc_3, nicolae_vaults_mini_display_case, nicolae_vaults_what_the_h,
          nicolae_vaults_sesquioval_fish, vaults_room_pool, v_misc_10,
          nicolae_vaults_more_shelving_2, vaults_room_large_hall,
          ontoclasm_vaults_idyll, ontoclasm_vaults_ligature,
          nicolae_vaults_tetromino_T_1, ontoclasm_vaults_fault,
          nicolae_vaults_double_plus_1, ontoclasm_vaults_bender,
          nicolae_vaults_trapezoid_1, st_lattice, layout_vaults_ring,
          serial_shops, nicolae_shop_trees
Vaults:2: vaults_dpeg_encased_lava, special_room_vaults [special_room_orc],
          v_misc_1, v_misc_10, nicolae_vaults_little_squares_2,
          nicolae_vaults_taking_the_gang_shopping,
          nicolae_vaults_sealed_display, layout_vaults_omnicross, serial_shops,
          shop
Vaults:3: nicolae_vaults_trapezoid_3, nicolae_vaults_network_s, v_misc_17,
          nicolae_vaults_yaktaur_gun_rack, hangedman_vaults_stitches, v_misc_18,
          grunt_vaults_hallway_long, minmay_crypt_entry_necro_gods,
          hangedman_vaults_hat, nicolae_vaults_trapezoid_1,
          nicolae_vaults_antechamber_and_loot_room, layout_vaults_omnigrid
Vaults:4: vaults_room_grunt_arrival_checkpoint, ontoclasm_vaults_shuriken,
          nicolae_vaults_network_barrier, nicolae_vaults_triangles, v_misc_12,
          serial_ice_m, nicolae_vaults_asterisk, nicolae_vaults_tetromino_T_1,
          vaults_room_hangedman_quadrants, nicolae_vaults_tetromino_T_1,
          dpeg_vaults_monster_box, layout_vaults_chaotic_city
Vaults:5: uniq_jory
Depths:1: layout_small_grid, enter_ziggurat_d, hellmouth_3,
          minmay_misc_feat_four_crosses, serial_shops, nicolae_shop_stone,
          kennysheep_vampire_church
Depths:2: minmay_octo_star, layout_gridlike, abyss_entry,
          rand_demon_pan_entry_7, hangedman_coc_ice_floe,
          lemuel_coloured_pillars_altar, nicolae_ru_path_of_blood, uniq_asterion
Depths:3: minmay_ornate_pinched, layout_gridlike, abyss_entry,
          nicolae_qazlal_scattered_showers, serial_shops, bzr_entry_lakeside,
          rand_demon_pan_entry_8, hell_entry, infiniplex_staircase_pool_2
Depths:4: evilmike_zot_entry_round, layout_gridlike, hell_entry,
          elyvilon_altar_5, serial_shops, nicolae_shop_statue_plus,
          roderic_lattice_octagonal_star, grunt_megastairs_2, minmay_shop_grove
Zot:1:    layout_cellular_growth, hellmonk_body_bag, grunt_megastairs_1
Zot:2:    layout_misc_corridors, evilmike_ambush [evilmike_ambush_outer_doors,
          evilmike_ambush_inner_cross], uniq_parghit
Zot:3:    layout_basic, hangedman_elemental_corridor
Zot:4:    layout_onion_interference, ebering_ghost_reflecting_pool, uniq_grunn
Zot:5:    layout_gridlike, gammafunk_ghost_split, st_stairs_4,
          hellmonk_bargain_basement

Skill      XL: |  1  2  3  4  5  6  7  8  9 10 11 12 13 14 15 16 17 18 19 20 21 22 23 24 25 26 27 |
---------------+----------------------------------------------------------------------------------+-----
Stealth        | 2 4 5 6 7 8 9 10 | 10.0
Ice Magic      | 5 6 7 8 9 |  9.0
Spellcasting   | 3 5 6 |  6.0
Fighting       | 2 4 5 6 7 9 10 11 13 14 16 17 18 19 20 21 27 | 27.0
Evocations     | 2 6 7 |  7.0
Maces & Flails | 4 |  4.0
Dodging        | 4 5 7 8 10 12 14 15 16 17 18 19 20 26 | 26.0
Ranged Weapons | 5 9 10 11 12 14 16 18 19 20 21 22 23 25 | 25.6
Invocations    | 4 7 9 |  9.7
Summonings     | 1 |  1.0
Armour         | 1 4 7 10 12 13 14 15 16 27 | 27.0
Translocations | 1 4 |  4.3

Action                     |  1- 3 |  4- 6 |  7- 9 | 10-12 | 13-15 | 16-18 | 19-21 | 22-24 | 25-27 || total
---------------------------+-------+-------+-------+-------+-------+-------+-------+-------+-------++-------
  Melee: Dagger            |     4 |     3 |       |       |       |       |       |       |       ||     7
         Staff             |       |     1 |       |       |       |       |       |       |       ||     1
         Hand axe          |       |    10 |     2 |       |       |       |       |       |       ||    12
         Punch             |       |     1 |     5 |     1 |     1 |       |       |       |       ||     8
         Flail             |       |       |   162 |    64 |    15 |       |       |       |       ||   241
         Longbow           |       |       |       |       |       |       |       |       |     9 ||     9
         Unarmed           |       |       |       |       |       |       |       |       |     3 ||     3
   Fire: Sling             |       |       |   160 |   428 |   244 |       |       |       |       ||   832
         Shortbow          |       |       |     2 |       |   645 |       |       |       |       ||   647
         Orcbow            |       |       |       |       |   243 |   443 |       |       |    29 ||   715
         Arbalest          |       |       |       |       |       |   147 |   564 |       |       ||   711
         Longbow           |       |       |       |       |       |   873 |   133 |   371 |  2585 ||  3962
  Throw: Stone             |     5 |     4 |     4 |       |       |       |       |       |       ||    13
         Dart              |     2 |     3 |     5 |     1 |     2 |       |       |       |       ||    13
         Throwing net      |       |       |       |       |     1 |       |       |       |       ||     1
   Cast: Freeze            |    35 |    52 |    16 |    37 |     9 |     2 |     1 |       |     4 ||   156
         Frozen Ramparts   |     1 |    18 |    45 |    49 |    76 |    55 |    31 |    16 |    37 ||   328
         Ozocubu's Armour  |       |    12 |    48 |    41 |    62 |    62 |    26 |    15 |    43 ||   309
         Summon Ice Beast  |       |       |       |     1 |     5 |     2 |       |     2 |     2 ||    12
         Hailstorm         |       |       |       |       |     1 |       |     5 |     2 |     4 ||    12
 Invoke: Slouch            |       |       |       |       |     1 |       |       |       |    13 ||    14
         Step From Time    |       |       |       |       |       |       |       |       |     5 ||     5
         Bend Time         |       |       |       |       |       |       |       |       |     1 ||     1
Ability: Hop               |       |     1 |     2 |     7 |    11 |     5 |     2 |     2 |    22 ||    52
  Evoke: Wand              |       |     1 |     6 |    10 |     5 |     5 |     1 |       |     5 ||    33
         Phantom mirror    |       |       |       |       |       |     1 |     2 |     1 |     5 ||     9
         Phial of floods   |       |       |       |       |       |       |       |     1 |     2 ||     3
    Use: Scroll            |       |     2 |     6 |     4 |    12 |     6 |     5 |     7 |    53 ||    95
         Potion            |       |       |       |       |     1 |       |     4 |     2 |    20 ||    27
   Stab: Sleeping          |     3 |     1 |       |       |       |       |       |       |       ||     4
         Paralysed         |       |     7 |       |       |       |       |       |       |       ||     7
 Armour: Robe              |     6 |     8 |    92 |    76 |    73 |    13 |       |       |       ||   268
         Leather armour    |       |     3 |    37 |       |       |       |       |       |       ||    40
         Swamp dragon scal |       |       |       |       |       |    83 |    13 |    17 |    30 ||   143
         Scale mail        |       |       |       |       |       |     4 |    42 |       |    18 ||    64
         Fire dragon scale |       |       |       |       |       |       |       |       |   145 ||   145
         Gold dragon scale |       |       |       |       |       |       |       |       |   117 ||   117
  Dodge: Dodged            |    12 |    22 |   215 |   301 |   653 |   979 |   484 |   356 |  1958 ||  4980

Table legend: (Time is in decaauts)
 A = Elapsed time spent in this place.
 B = Non-inter-level travel time spent in this place.
 C = Inter-level travel time spent in this place.
 D = Time resting spent in this place.
 E = Time spent auto-exploring this place.
 F = Levels seen in this place.
 G = Mean time per level.
                   A        B        C        D        E       F      G
               +--------+--------+--------+--------+--------+-----+--------+
         Total | 105508 |  90197 |  15311 |   4137 |  65464 |  52 | 2029.0 |
       Dungeon |  27239 |  21668 |   5571 |    709 |  16383 |  15 | 1815.9 |
        Temple |    118 |     95 |     23 |     42 |      0 |   1 |  118.0 |
          Lair |  11547 |  10185 |   1362 |    143 |   8060 |   5 | 2309.4 |
        Shoals |   6991 |   6183 |    808 |    185 |   4952 |   4 | 1747.8 |
     Snake Pit |   8696 |   8000 |    696 |    208 |   6491 |   4 | 2174.0 |
  Orcish Mines |   3462 |   2505 |    957 |     35 |   2006 |   2 | 1731.0 |
   Elven Halls |   4807 |   4447 |    360 |    324 |   3504 |   3 | 1602.3 |
        Vaults |  17032 |  14585 |   2447 |    480 |  10273 |   5 | 3406.4 |
        Depths |  10090 |   8053 |   2037 |    145 |   6598 |   4 | 2522.5 |
           Zot |  12816 |  11770 |   1046 |   1639 |   6741 |   5 | 2563.2 |
        Bazaar |    393 |    393 |      0 |      0 |    141 |   1 |  393.0 |
        Bailey |    592 |    592 |      0 |     50 |    266 |   1 |  592.0 |
        Wizlab |    225 |    225 |      0 |    145 |     25 |   1 |  225.0 |
      Gauntlet |   1493 |   1493 |      0 |     29 |     19 |   1 | 1493.0 |
               +--------+--------+--------+--------+--------+-----+--------+

Top non-repeatable levels by time:
   Zot:5: 4795 daAuts
Vaults:5: 4594 daAuts
Vaults:3: 3351 daAuts
Vaults:2: 3336 daAuts
Depths:4: 3079 daAuts
Depths:2: 3049 daAuts
 Snake:4: 3024 daAuts
Vaults:1: 2942 daAuts
  Lair:2: 2815 daAuts
Vaults:4: 2808 daAuts
   Zot:1: 2553 daAuts
    D:11: 2513 daAuts
    D:14: 2401 daAuts
  Lair:3: 2358 daAuts
     D:7: 2329 daAuts
